 Dungeon Crawl Stone Soup version 0.21.1-1-g345015f (webtiles) character file.

62 tidbits the Charmwright (level 4, 0/38 HPs)
             Began as a Gnoll Skald on June 20, 2018.
             Succumbed to an adder's poison
             ... on level 2 of the Dungeon.
             The game lasted 00:05:04 (413 turns).

tidbits the Charmwright (Gnoll Skald)                Turns: 413, Time: 00:05:05

Health: 0/38       AC:  3    Str: 13    XL:     4   Next: 8%
Magic:  2/11       EV: 20    Int: 17    God:
Gold:   23         SH:  0    Dex: 14    Spells: 2/13 levels left

rFire    . . .     SeeInvis .   o - +0 dagger (drain)
rCold    . . .     Gourm    .   (no shield)
rNeg     . . .     Faith    .   B - +0 leather armour (curse)
rPois    .         Spirit   .   (no helmet)
rElec    .         Reflect  .   (no cloak)
rCorr    .         Harm     .   (no gloves)
MR       .....                  (no boots)
Stlth    +.........             (no amulet)
HPRegen  0.12/turn              k - ring of wizardry
MPRegen  0.12/turn              j - +6 ring of evasion

@: lethally poisoned (0 -> -11), very slightly contaminated
A: distributed training, fangs 1, strong nose
a: no special abilities


You were on level 2 of the Dungeon.
You were not hungry.

You visited 1 branch of the dungeon, and saw 4 of its levels.

You collected 23 gold pieces.

Inventory:

Hand Weapons
 a - a +0 hand axe
 e - a cursed +0 flail
 f - a +0 dagger
 n - a +0 trident
 o - a +0 dagger of draining (weapon)
   (You took it off a kobold on level 2 of the Dungeon)
Missiles
 p - 19 arrows
 q - 2 stones (quivered)
Armour
 b - a +0 leather armour
 l - a +0 ring mail
 B - a cursed +0 leather armour (worn)
Jewellery
 j - a +6 ring of evasion (right hand)
   (You found it on level 2 of the Dungeon)
 k - a ring of wizardry (left hand)
   (You found it on level 2 of the Dungeon)
Scrolls
 g - a scroll of enchant armour {unknown}
 h - a scroll of teleportation {unknown}
 i - a scroll of remove curse
 m - a scroll of fog {unknown}
Books
 c - a book of Battle

   Spells                             Type                      Level
   a - Infusion                       Charms                       1
   b - Shroud of Golubria             Charms/Translocation         2
   c - Song of Slaying                Charms                       2
   d - Spectral Weapon                Hexes/Charms                 3
   e - Regeneration                   Charms/Necromancy            3
Comestibles
 d - 2 rations


   Skills:
 + Level 4.6 Fighting
 + Level 1.0 Short Blades
 + Level 1.0 Long Blades
 + Level 4.6 Axes
 + Level 1.0 Maces & Flails
 + Level 1.0 Polearms
 + Level 1.0 Staves
 + Level 1.0 Slings
 + Level 1.0 Bows
 + Level 1.0 Crossbows
 + Level 1.0 Throwing
 + Level 2.7 Armour
 + Level 4.6 Dodging
 + Level 1.0 Stealth
 + Level 1.0 Shields
 + Level 1.0 Unarmed Combat
 + Level 5.0 Spellcasting
 + Level 0.7 Conjurations
 + Level 0.7 Hexes
 + Level 5.4 Charms
 + Level 0.7 Summonings
 + Level 0.7 Necromancy
 + Level 0.7 Translocations
 + Level 0.7 Transmutations
 + Level 0.7 Fire Magic
 + Level 0.7 Ice Magic
 + Level 0.7 Air Magic
 + Level 0.7 Earth Magic
 + Level 0.7 Poison Magic
 + Level 1.1 Invocations
 + Level 1.0 Evocations


You had 2 spell levels left.
You knew the following spells:

 Your Spells              Type           Power        Failure   Level  Hunger
g - Shroud of Golubria    Chrm/Tloc      ##........   3%          2    #......
i - Infusion              Chrm           ###.         1%          1    None
r - Regeneration          Chrm/Necr      ##........   6%          3    ###....
w - Spectral Weapon       Hex/Chrm       ##......     6%          3    ###....
y - Song of Slaying       Chrm           ###.....     1%          2    #......


Dungeon Overview and Level Annotations

Branches:
Dungeon (4/15)
 Temple: D:4-7

Altars:


Innate Abilities, Weirdness & Mutations

Your experience applies equally to all skills.
You have very sharp teeth.
Your uncanny sense of smell can sniff out nearby items.


Message History

Your Bows skill increases to level 1!
Your Crossbows skill increases to level 1!
Your Throwing skill increases to level 1!
Your Stealth skill increases to level 1!
Your Shields skill increases to level 1!
Your Unarmed Combat skill increases to level 1!
Your Evocations skill increases to level 1!
You have reached level 4!
You feel clever.
You see here an adder corpse.
You see here a runed peridot ring.
j - a runed peridot ring The hobgoblin hits you with a club.
* * * LOW HITPOINT WARNING * * *
You see here an adder corpse.
You hit the hobgoblin but do no damage.
Your spectral weapon hits the hobgoblin.
You kill the hobgoblin!
Things that are here:
a club; a brown potion; a hobgoblin corpse
o - a brown potion The kobold shouts!
You see here 19 arrows.
p - 19 arrows The kobold throws a stone.
The stone hits you but does no damage.
You see here a stone.
Casting: Spectral Weapon
Confirm with . or Enter, or press ? or * to list all spells.
Okay, then.
The kobold throws a stone.
The stone hits you.
* * * LOW HITPOINT WARNING * * *
You see here a stone.
Your extra speed is starting to run out.
It was a potion of heal wounds.
You feel much better.
The kobold throws a stone.
The stone hits you. The kobold misses you.
You slash the kobold!
You kill the kobold!
Things that are here:
a dagger of draining; 2 stones; a kobold corpse
o - a dagger of draining;
q - 2 stones A worm comes into view.
You feel yourself slow down.
Your spectral weapon fades away.
The adder bites you.
You are poisoned.
The adder poisons you!
Casting: Spectral Weapon
Confirm with . or Enter, or press ? or * to list all spells.
You miscast Spectral Weapon.
You are very lightly contaminated with residual magic.
You feel a strange surge of energy!
You feel sick. The adder bites you.
You are more poisoned.
The adder poisons you!
Unknown command.
Put on which piece of jewellery? (? for menu, Esc to quit)
j - a +6 ring of evasion (right hand)
The adder barely misses you.
You feel sick. The adder bites you.
* * * LOW HITPOINT WARNING * * *
You are more poisoned.
The adder poisons you!
You see here a kobold corpse.
You feel sick.
You feel sick. The adder closely misses you.
You see here a stone.
You barely miss the adder.
You feel sick. The adder closely misses you.
You miss the adder. Your bite misses the adder.
You feel sick. The adder bites you.
* * * LOW HITPOINT WARNING * * *
The adder bites you.
* * * LOW HITPOINT WARNING * * *
You aren't carrying any potions.
Unknown command.
Wield which item (- for none, * to show all)? (? for menu, Esc to quit)
You sense an unholy aura.
o - a +0 dagger of draining (weapon)
* * * LOW HITPOINT WARNING * * *
You feel sick.
Unknown command.
You miss the adder.
* * * LOW HITPOINT WARNING * * *
You feel sick. The adder completely misses you.
You miss the adder. The adder barely misses you. The adder bites you.
* * * LOW HITPOINT WARNING * * *
You are more poisoned.
The adder poisons you!
You hit the adder but do no damage.
* * * LOW HITPOINT WARNING * * *
You feel sick. The adder bites you but does no damage.
You closely miss the adder.
* * * LOW HITPOINT WARNING * * *
You feel sick. The adder completely misses you.
You hit the adder but do no damage.
* * * LOW HITPOINT WARNING * * *
You feel sick. The adder bites you.
* * * LOW HITPOINT WARNING * * *
You hit the adder.
The adder is moderately wounded.
You die...

....
#.##...............#
)...
#..#....>..........#
####
#.#......†....)...#
#
#......⌠..)..†....#
#
##................#
#####
#.....<..........#
.†.g#######
##.((............#
.##†w..>..#
#.#.#....#...####
=)#$......#
#@#g#....#...#
.##.......#
#S#.#....#...#
gl#.......#
#w†.#....#...#
###.......#
##..#....#...#
...........
#..#....#
.............
#w.#....#
............. ....
...... ........


You could see 2 worms and an adder.

Vanquished Creatures
  2 adders (D:2)
  A leopard gecko (D:2)
  8 orcs (D:3)
  2 giant cockroaches
  A goblin (D:1)
  6 hobgoblins
  5 bats
  3 frilled lizards
  4 kobolds
  2 rats (D:2)
34 creatures vanquished.

Notes
Turn   | Place    | Note
-------+----------+-------------------------------------------
     0 | D:1      | tidbits the Gnoll Skald began the quest for the Orb.
     0 | D:1      | Reached XP level 1. HP: 20/20 MP: 6/6
    93 | D:1      | Reached XP level 2. HP: 20/26 MP: 0/7
   188 | D:2      | Reached XP level 3. HP: 9/31 MP: 2/9
   211 | D:3      | Reached skill level 5 in Spellcasting
   254 | D:3      | Learned a level 2 spell: Song of Slaying
   257 | D:3      | Learned a level 2 spell: Shroud of Golubria
   261 | D:3      | Learned a level 3 spell: Regeneration
   266 | D:3      | Learned a level 3 spell: Spectral Weapon
   288 | D:4      | Noticed an ogre
   325 | D:3      | Reached skill level 1 in Invocations
   373 | D:2      | Reached skill level 1 in Short Blades
   373 | D:2      | Reached skill level 1 in Long Blades
   373 | D:2      | Reached skill level 1 in Maces & Flails
   373 | D:2      | Reached skill level 1 in Polearms
   373 | D:2      | Reached skill level 1 in Staves
   373 | D:2      | Reached skill level 1 in Slings
   373 | D:2      | Reached skill level 1 in Bows
   373 | D:2      | Reached skill level 1 in Crossbows
   373 | D:2      | Reached skill level 1 in Throwing
   373 | D:2      | Reached skill level 1 in Stealth
   373 | D:2      | Reached skill level 1 in Shields
   373 | D:2      | Reached skill level 1 in Unarmed Combat
   373 | D:2      | Reached skill level 1 in Evocations
   373 | D:2      | Reached XP level 4. HP: 7/38 MP: 1/11
   377 | D:2      | HP: 3/38 [hobgoblin/club (4)]
   388 | D:2      | HP: 3/38 [kobold/stone (1)]
   411 | D:2      | HP: 3/38 [poisoned by an adder]
   412 | D:2      | HP: 1/38 [adder (2)]
   413 | D:2      | Succumbed to an adder's poison

Skill      XL: |  1  2  3 |
---------------+----------+-----
Spellcasting   | 5 |  5.0
Invocations    | 1 |  1.1
Short Blades   | 1 |  1.0
Long Blades    | 1 |  1.0
Maces & Flails | 1 |  1.0
Polearms       | 1 |  1.0
Staves         | 1 |  1.0
Slings         | 1 |  1.0
Bows           | 1 |  1.0
Crossbows      | 1 |  1.0
Throwing       | 1 |  1.0
Stealth        | 1 |  1.0
Shields        | 1 |  1.0
Unarmed Combat | 1 |  1.0
Evocations     | 1 |  1.0
Fighting       | |  4.6
Axes           | |  4.6
Armour         | |  2.7
Dodging        | |  4.6
Conjurations   | |  0.7
Hexes          | |  0.7
Charms         | |  5.4
Summonings     | |  0.7
Necromancy     | |  0.7
Translocations | |  0.7
Transmutations | |  0.7
Fire Magic     | |  0.7
Ice Magic      | |  0.7
Air Magic      | |  0.7
Earth Magic    | |  0.7
Poison Magic   | |  0.7

Action                   |  1- 3 |  4- 6 || total
-------------------------+-------+-------++-------
Melee: Hand axe          |    72 |     4 ||    76
       Bite              |    10 |       ||    10
       Dagger            |       |     6 ||     6
 Cast: Infusion          |     9 |       ||     9
       Spectral Weapon   |     2 |       ||     2
       Regeneration      |     1 |       ||     1
  Use: Scroll            |     3 |       ||     3
       Potion            |     1 |     1 ||     2
Armor: Leather armour    |    18 |     1 ||    19
Dodge: Dodged            |    65 |     7 ||    72

Table legend:
 A = Turns spent in this place as a percentage of turns spent in the entire game.
 B = Non-inter-level travel turns spent in this place as a percentage of non-inter-level travel turns spent in the entire game.
 C = Inter-level travel turns spent in this place as a percentage of turns spent in this place.
 D = Turns resting spent in this place as a percentage of non-inter-level travel turns spent in this place.
 E = Turns spent auto-exploring this place as a percentage of non-inter-level travel turns spent in this place.
 F = Non-inter-level travel turns spent in this place divided by the number of levels of this place that you've seen.
                   A       B       C       D       E      F
               +-------+-------+-------+-------+-------+----------------------
         Total | 100.0 | 100.0 |   0.0 |   0.0 |   0.0 | 103.2
       Dungeon | 100.0 | 100.0 |   0.0 |   0.0 |   0.0 | 103.2
               +-------+-------+-------+-------+-------+----------------------

Table legend:
 A = Kills in this place as a percentage of kills in entire the game.
 B = Kills by you in this place as a percentage of kills by you in the entire game.
 C = Kills by friends in this place as a percentage of kills by friends in the entire game.
 D = Other kills in this place as a percentage of other kills in the entire game.
 E = Experience gained in this place as a percentage of experience gained in the entire game.
 F = Experience gained in this place divided by the number of levels of this place that you have seen.
                   A       B       C       D       E      F
               +-------+-------+-------+-------+-------+----------------------
         Total | 100.0 | 100.0 |   N/A |   N/A | 100.0 |  22.2
       Dungeon | 100.0 | 100.0 |   N/A |   N/A | 100.0 |  22.2
               +-------+-------+-------+-------+-------+----------------------

Vault maps used:
D:1:      lemuel_arrival_behind_the_door_small, minmay_pentomino_t2
D:2:      grunt_ministairs_1, minmay_split_cup_small, uniq_crazy_yiuf_cottage
D:3:      kennysheep_generic_room_15
D:4:      first_ration, uniq_eustachio, uniq_pikel, uniq_grinder
